 Dungeon Crawl Stone Soup version 0.17.0-27-g4a3f43e (webtiles) character file.

35 youngkai the Chopper (level 3, -3/33 HPs)
             Began as a Minotaur Berserker on Nov 21, 2015.
             Was a Believer of Trog.
             Slain by a worm (12 damage)
             ... on level 2 of the Dungeon.
             The game lasted 00:03:04 (592 turns).

youngkai the Chopper (Minotaur Berserker)            Turns: 592, Time: 00:03:04

Health: -3/33      AC:  3    Str: 22    XL:     3   Next: 16%
Magic:  2/2        EV: 12    Int:  4    God:    Trog [**....]
Gold:   49         SH:  0    Dex:  9    Spells: 0 memorised, 2 levels left

rFire  . . .     SeeInvis .     a - +0 hand axe
rCold  . . .     Clarity  .     b - +0 animal skin
rNeg   . . .     SustAt   .     (no shield)
rPois  .         Gourm    .     (helmet restricted)
rElec  .         Spirit   .     (no cloak)
rCorr  .         Warding  .     n - +0 pair of gloves
rMut   .         Stasis   .     (no boots)
MR     .....                    (no amulet)
Stlth  +.........               (no ring)
                                (no ring)

@: lethally poisoned (-3 -> -4), not resistant to hostile enchantments, very
unstealthy
A: retaliatory headbutt, horns 2
a: Berserk, Trog's Hand, Burn Spellbooks, Renounce Religion


You were on level 2 of the Dungeon.
You worshipped Trog.
Trog was pleased with you.
You were not hungry.

You visited 1 branch of the dungeon, and saw 2 of its levels.

You collected 49 gold pieces.

Inventory:

Hand Weapons
 a - a +0 hand axe (weapon)
Armour
 b - a +0 animal skin (worn)
 n - a +0 pair of gloves (worn)
Scrolls
 d - a scroll of enchant armour {unknown}
 e - a scroll of random uselessness {unknown}
 i - a scroll of identify {unknown}
 k - 2 scrolls of remove curse {unknown}
Potions
 f - a potion of cure mutation {unknown}
 g - a potion of invisibility {unknown}
 j - a potion of agility {unknown}
 l - a potion of brilliance {unknown}
 m - a potion of curing {unknown}
Comestibles
 c - 2 bread rations
 h - 2 meat rations


   Skills:
 + Level 4.3 Fighting
 * Level 4.3 Axes
 + Level 2.5 Armour
 + Level 2.5 Dodging


You had 2 spell levels left.
You didn't know any spells.

Dungeon Overview and Level Annotations

Branches:
Dungeon (2/15)

Altars:
Nemelex Xobeh
The Shining One


Innate Abilities, Weirdness & Mutations

You reflexively headbutt those who attack you in melee.
You have a pair of horns on your head.


Message History

You closely miss the adder.
You feel sick. The adder barely misses you.
You closely miss the adder. Your headbutt misses the adder.
The adder closely misses you. The adder bites you.
You closely miss the adder. You hit the worm.
The worm is lightly wounded.
The adder bites you. The worm barely misses you.
You hit the worm. You headbutt the worm.
The worm is almost dead.
You miss the adder.
You feel sick. The adder barely misses you.
Unknown command.
You are too injured to fight recklessly!
You are too injured to fight recklessly!
Unknown command.
You are too injured to fight recklessly!
Unknown command.
You are too injured to fight recklessly!
You miss the adder. You hit the worm but do no damage.
The worm is almost dead.
The adder closely misses you. The worm bites you!
You die...

.#....... ... .........
... ##......# #.#####
##.....#.# #.....#
##..##..#.# ###.# #.###
..........# #...###.#.#
....(....?###....##.#>##
[.....(...(..(._.......#
......S@..#.##....###..#
......w...#.###...# #..#
.......#..#.# #.### #.##
..........#.....# #.##
..!...#.#.#####.#####...
........#.#.....[.##....
.#.....(...............#
..... #..........##### .
#..........#


You could see a worm and an adder.

Vanquished Creatures
  An ooze (D:2)
  A worm (D:2)
  5 hobgoblins
  2 jackals (D:1)
  A bat (D:2)
  2 giant newts (D:1)
  6 goblins
  5 kobolds
  6 rats
29 creatures vanquished.

Notes
Turn   | Place    | Note
--------------------------------------------------------------
     0 | D:1      | youngkai the Minotaur Berserker began the quest for the Orb.
     0 | D:1      | Reached XP level 1. HP: 19/19 MP: 0/0
   110 | D:1      | Reached XP level 2. HP: 18/27 MP: 1/1
   173 | D:1      | Reached skill level 4 in Fighting
   435 | D:2      | Found a glowing golden altar of the Shining One.
   537 | D:2      | Reached ** piety under Trog
   566 | D:2      | Found a sparkling altar of Nemelex Xobeh.
   580 | D:2      | Reached XP level 3. HP: 29/33 MP: 2/2
   592 | D:2      | Slain by a worm

Action                   || total
-------------------------++-------
Melee: Hand axe          ||    66
 Stab: Sleeping          ||     1
